 Dungeon Crawl Stone Soup version 0.31.0-11-ge490571c62 (webtiles) character file.

Game seed: 5214152019229147747

25 qw the Shooter (level 2, 0/14 HPs)
             Began as a Spriggan Hunter on Feb 3, 2024.
             Killed from afar by Terence (11 damage)
             ... with a puff of flame
             ... on level 2 of the Dungeon.
             The game lasted 00:00:01 (646 turns).

qw the Shooter (Spriggan Hunter)                     Turns: 646, Time: 00:00:02

Health: 0/14       AC:  2    Str: 11    XL:     2   Next: 82%
Magic:  3/3        EV: 18    Int:  7    God:
Gold:   57         SH:  0    Dex: 17    Spells: 1/1 levels left

rFire   . . .        a - +0 shortbow
rCold   . . .        (shield currently unavailable)
rNeg    . . .        c - +0 robe
rPois   .            (helmet restricted)
rElec   .            (no cloak)
rCorr   .            (gloves unavailable)
SInv    +            (boots unavailable)
Will    .....        (no amulet)
Stlth   ++           (no ring)
HPRegen 0.22/turn    (no ring)
MPRegen 0.08/turn

%: no passive effects
@: very quick
A: very small, no large weapons, unfitting armour, see invisible, speed 3, dopey
1, strong 1
a: no special abilities


You were on level 2 of the Dungeon.
You visited 1 branch of the dungeon, and saw 2 of its levels.

You collected 57 gold pieces.


Innate Abilities, Weirdness & Mutations

You are very small and have problems with some larger weapons.
You are too small for most types of armour.
You have supernaturally acute eyesight. (SInv)
You cover ground extremely quickly. (Speed+++)
You are dopey. (Int -2)
Your muscles are strong. (Str +4, Int/Dex -1)


   Skills:
 - Level 1.5 Fighting
 + Level 4.3 Ranged Weapons
 - Level 4.0 Dodging
 - Level 1.5 Stealth


You had one spell level left.
You didn't know any spells.
Your spell library was empty.

Inventory:

Hand Weapons
 a - a +0 shortbow (weapon)
Armour
 c - a +0 robe (worn)
Scrolls
 b - a scroll of identify {unknown}
Potions
 d - a potion of brilliance {unknown}
 g - a potion of mutation

Dungeon Overview and Level Annotations

Branches:
Dungeon (2/15)

Altars:

Annotations:
D:2 Terence


Message History

You kill the ribbon worm!
You see here a flux talisman.
b - a scroll labelled ZUPREE NU LINN A rat comes into view.
You shoot an arrow.
The arrow hits the rat but does no damage.
The rat squeaks loudly.
You hear a shout!
You shoot an arrow. The arrow hits the rat.
You kill the rat!
You see here a ribbon worm corpse.
Terence and a goblin come into view.
Terence is wielding a +0 falchion and carrying a wand of flame.
Terence zaps a wand.
The puff of flame hits you!
Ouch! That really hurt!
631 ||| FLEEEEING.
Found a stone staircase leading up.
632 ||| FLEEEEING.
An adder comes into view.
633 ||| FLEEEEING.
634 ||| FLEEEEING.
635 ||| FLEEEEING.
636 ||| FLEEEEING.
637 ||| FLEEEEING.
You start resting.
A goblin is nearby!
You shoot an arrow.
The arrow hits the goblin but does no damage.
The goblin completely misses you.
You shoot an arrow. The arrow barely misses the goblin.
The goblin barely misses you.
You shoot an arrow. The arrow hits the goblin!
You kill the goblin!
You start resting.
Terence is nearby!
You shoot an arrow.
The arrow hits Terence but does no damage.
Terence zaps a wand.
The puff of flame hits you!
Ouch! That really hurt!
You die...
Terence says, "Rest in peace."

.###...$...#
...........########
.<.......).%......#
..................#
..#...g...........#
...........@......#
..............|...#
....#######)......#
..#.....#<@.......#
. ##..............#
#...............#
............#####
............#
##.........##
##...#...##
#########


You could see Terence.

Vanquished Creatures
  A ribbon worm (D:2)
  2 endoplasms
  A giant cockroach (D:1)
  2 goblins
  2 hobgoblins (D:1)
  2 quokkas
  A ball python (D:1)
  2 bats (D:1)
  2 frilled lizards (D:1)
  2 kobolds
  5 rats
22 creatures vanquished.

Notes
Turn   | Place    | Note
-------+----------+-------------------------------------------
     0 | D:1      | qw the Spriggan Hunter began the quest for the Orb.
     0 | D:1      | Reached XP level 1. HP: 10/10 MP: 2/2
     0 | D:1      | 0 ||| qw: Version: 0.3-a-157-g843a77d
     0 | D:1      | 0 ||| qw: Game counter: 3804
     0 | D:1      | 0 ||| qw: Melee chars always use a shield: true
     0 | D:1      | 0 ||| qw: God list: Okawaru
     0 | D:1      | 0 ||| qw: Allow faded altars: false
     0 | D:1      | 0 ||| qw: Do Orc after clearing Dungeon:15 true
     0 | D:1      | 0 ||| qw: Do second Lair branch before Depths: true
     0 | D:1      | 0 ||| qw: Lair rune preference: random
     0 | D:1      | 0 ||| qw: Goals: Normal
     0 | D:1      | 0 ||| PLANNING D:1-11
    38 | D:1      | Reached skill level 3 in Dodging
    38 | D:1      | Found a faded altar of an unknown god.
   219 | D:1      | HP: 1/10 [hobgoblin (4)]
   360 | D:1      | Reached XP level 2. HP: 14/14 MP: 3/3
   578 | D:1      | 578 ||| READING scroll labelled ECYBAO USTAU.
   578 | D:1      | 578 ||| ENCHANTING +0 shortbow.
   579 | D:1      | 579 ||| READING scroll labelled BICVER HATU.
   580 | D:1      | 580 ||| DRINKING 2 fuming amethyst potions.
   580 | D:1      | Gained mutation: You are dopey. (Int -2) [potion of
                  | mutation]
   580 | D:1      | Gained mutation: Your muscles are strong. (Str +4, Int/Dex
                  | -1) [potion of mutation]
   581 | D:1      | 581 ||| DROPPING scroll of butterflies.
   630 | D:2      | Noticed Terence
   631 | D:2      | 631 ||| FLEEEEING.
   632 | D:2      | 632 ||| FLEEEEING.
   633 | D:2      | 633 ||| FLEEEEING.
   634 | D:2      | 634 ||| FLEEEEING.
   635 | D:2      | 635 ||| FLEEEEING.
   636 | D:2      | 636 ||| FLEEEEING.
   637 | D:2      | 637 ||| FLEEEEING.
   646 | D:2      | Killed from afar by Terence

Levels and vault maps discovered:
D:1:      tarquinn_simple_flora_water_b, layout_basic,
          shapermc_ecumenical_altar_starsandcircs, minmay_unequal
D:2:      layout_rooms, nicolae_half_adder, uniq_terence

Skill      XL: |  1  2 |
---------------+-------+-----
Dodging        | 3 4 |  4.0
Fighting       | |  1.5
Ranged Weapons | |  4.3
Stealth        | |  1.5

Action                     || total
---------------------------++-------
   Fire: Shortbow          ||    60
    Use: Scroll            ||     2
         Potion            ||     1
 Armour: Robe              ||     9
  Dodge: Dodged            ||    15

Table legend:
 A = Non-vault XP
 B = Vault XP
 C = Vault XP percentage of total XP
 D = Non-vault monster count
 E = Vault monster count
 F = Vault count percentage of total count
                 A         B        C        D         E       F
            +---------+---------+-------+---------+---------+-------
      Total |      28 |       8 |  22.2 |      16 |       6 |  27.3
            +---------+---------+-------+---------+---------+-------
        D:1 |      15 |       8 |  34.8 |      10 |       6 |  37.5
        D:2 |      13 |       0 |   0.0 |       6 |       0 |   0.0
            +---------+---------+-------+---------+---------+-------
